PUBAA
CHARLESTON CHEW @ TERRY'S BATS
04/18/1972
 
TOP OF THE 1ST
Charleston Chew batting - Pitching for Terry's Bats : LHP Britt Albert
Pitching: LHP Britt Albert
Batting: RHB Jerry Moore 0-0: Fly out, F8 (Flyball, 8LD, EV 86.3 MPH)
Batting: RHB Nate Kaufman 0-0: Ball
1-0: Ball
2-0: Swinging Strike
2-1: Ground out 6-3 (Groundball, 6, EV 85.6 MPH)
Batting: RHB Archie Beck 0-0: Ball
1-0: Foul Ball, location: 7LMFF
1-1: Ball
2-1: Called Strike
2-2: SINGLE (Line Drive, 9S, EV 95.6 MPH)
Batting: LHB Javier Gómez 0-0: SINGLE (Groundball, 34D, EV 99.4 MPH)
Archie Beck to second
Runner from 2nd tries for 3rd, SAFE, throw by RF made to third
Javier Gómez to second
Batting: LHB Craig Powers 0-0: Called Strike
0-1: Ball
1-1: Foul Ball, location: 7LMF
1-2: Strikes out swinging
Top of the 1st over - 0 runs, 2 hits, 0 errors, 2 left on base; Charleston 0 - Terry's 0
BOTTOM OF THE 1ST
Terry's Bats batting - Pitching for Charleston Chew : RHP Eric Landry
Pitching: RHP Eric Landry
Batting: LHB Jim Davis 0-0: Called Strike
0-1: Ball
1-1: Ball
2-1: Ball
3-1: Base on Balls
Batting: RHB Rich Severson 0-0: Ball
1-0: Ball
2-0: Ball
3-0: Called Strike
3-1: Bunted foul
3-2: Fly out, F9 (Flyball, 9S, EV 82.5 MPH)
Batting: LHB Sancho Deleón 0-0: Swinging Strike
0-1: Swinging Strike
0-2: Ball
1-2: Ball
2-2: Strikes out swinging
Jim Davis is caught stealing 2nd base 2-6
Batter strikes out.
Bottom of the 1st over - 0 runs, 0 hits, 0 errors, 0 left on base; Charleston 0 - Terry's 0
TOP OF THE 2ND
Charleston Chew batting - Pitching for Terry's Bats : LHP Britt Albert
Batting: LHB Carl Yastrzemski 0-0: Ball
1-0: Ball
2-0: Fly out, F8 (Flyball, 8LM, EV 83.8 MPH)
Batting: RHB Ernest Ramsey 0-0: Called Strike
0-1: Ball
1-1: Swinging Strike
1-2: Fly out, F4 (Popup, 34S, EV 88.1 MPH)
Batting: RHB Jim Unknown 0-0: Ball
1-0: Called Strike
1-1: Called Strike
1-2: Strikes out swinging, 2-3 out at first.
Top of the 2nd over - 0 runs, 0 hits, 0 errors, 0 left on base; Charleston 0 - Terry's 0
BOTTOM OF THE 2ND
Terry's Bats batting - Pitching for Charleston Chew : RHP Eric Landry
Batting: RHB William Williams 0-0: SINGLE (Line Drive, 34D, EV 107.5 MPH)
Batting: LHB Sabeeh Abdul-Nasir 0-0: SINGLE (Groundball, 4D, EV 99.4 MPH)
William Williams to second
Runner from 2nd tries for 3rd, SAFE, throw by CF made to third
Batting: LHB Dave Wilson 0-0: Called Strike
0-1: Fielders Choice at 2nd, 3-6 (Groundball, 34S, EV 88.8 MPH)
William Williams scores
Batting: SHB Darrel Chaney 0-0: Ball
1-0: Ball
2-0: Ball
3-0: Called Strike
3-1: Base on Balls
Dave Wilson to second
Batting: LHB Jim Unknown 0-0: Ball
1-0: Foul Ball, location: 25FF
1-1: Ball
2-1: Ball
3-1: Called Strike
3-2: Base on Balls
Dave Wilson to third
Darrel Chaney to second
Batting: RHB Ron Cey 0-0: Foul Ball, location: 25F
0-1: Ball
1-1: Called Strike
1-2: Foul Ball, location: 2F
1-2: Foul Ball, location: 3F
1-2: Ball
2-2: Foul Ball, location: 9LDF
2-2: Fly out, F8 (Flyball, 89M, EV 97.5 MPH)
Runner from 3rd tags up, SCORES, throw by CF
Darrel Chaney to third
Batting: LHB Jim Davis 0-0: Swinging Strike
0-1: Foul Ball, location: 25FF
0-2: Foul Ball, location: 2LF
0-2: Ball
1-2: Foul Ball, location: 5F
1-2: Strikes out swinging
Bottom of the 2nd over - 2 runs, 2 hits, 0 errors, 2 left on base; Charleston 0 - Terry's 2
TOP OF THE 3RD
Charleston Chew batting - Pitching for Terry's Bats : LHP Britt Albert
Batting: RHB Jim Unknown 0-0: Foul Ball, location: 25F
0-1: Ball
1-1: Swinging Strike
1-2: Strikes out looking
Batting: RHB Jerry Moore 0-0: Ball
1-0: Swinging Strike
1-1: Ball
2-1: Foul Ball, location: 9LSF
2-2: Ball
3-2: Strikes out swinging
Batting: RHB Nate Kaufman 0-0: Called Strike
0-1: Ball
1-1: Ball
2-1: Foul Ball, location: 25FF
2-2: Strikes out swinging, 2-3 out at first.
Top of the 3rd over - 0 runs, 0 hits, 0 errors, 0 left on base; Charleston 0 - Terry's 2
BOTTOM OF THE 3RD
Terry's Bats batting - Pitching for Charleston Chew : RHP Eric Landry
Batting: RHB Rich Severson 0-0: Called Strike
0-1: Ball
1-1: Ball
2-1: Foul Ball, location: 3FF
2-2: Strikes out looking
Batting: LHB Sancho Deleón 0-0: Ball
1-0: Foul Ball, location: 2F
1-1: Foul Ball, location: 7LSF
1-2: Ball
2-2: Strikes out looking
Batting: RHB William Williams 0-0: Called Strike
0-1: SOLO HOME RUN (Flyball, 78XD, EV 104.4 MPH), Distance : 410 ft
Batting: LHB Sabeeh Abdul-Nasir 0-0: Foul Ball, location: 2F
0-1: Ball
1-1: Swinging Strike
1-2: Ball
2-2: Foul Ball, location: 3F
2-2: Foul Ball, location: 5F
2-2: Foul Ball, location: 5FF
2-2: Ball
3-2: Fly out, F8 (Flyball, 8RD, EV 96.3 MPH)
Bottom of the 3rd over - 1 run, 1 hit, 0 errors, 0 left on base; Charleston 0 - Terry's 3
TOP OF THE 4TH
Charleston Chew batting - Pitching for Terry's Bats : LHP Britt Albert
Batting: RHB Archie Beck 0-0: Called Strike
0-1: Foul Ball, location: 2F
0-2: SOLO HOME RUN (Flyball, 78XD, EV 103.1 MPH), Distance : 399 ft
Batting: LHB Javier Gómez 0-0: Called Strike
0-1: Ball
1-1: Hit by Pitch
Batting: LHB Craig Powers 0-0: Called Strike
0-1: Foul Ball, location: 2F
0-2: Ball
1-2: Fly out, F4 (Popup, 3, EV 61.3 MPH)
Batting: LHB Carl Yastrzemski 0-0: Called Strike
0-1: Ball
1-1: Ball
2-1: Grounds into double play, 5-4-3 (Groundball, 56, EV 104.4 MPH)
Top of the 4th over - 1 run, 1 hit, 0 errors, 0 left on base; Charleston 1 - Terry's 3
BOTTOM OF THE 4TH
Terry's Bats batting - Pitching for Charleston Chew : RHP Eric Landry
Batting: LHB Dave Wilson 0-0: Swinging Strike
0-1: SOLO HOME RUN (Flyball, 89XD, EV 99.4 MPH), Distance : 369 ft
Batting: SHB Darrel Chaney 0-0: Called Strike
0-1: Ball
1-1: Fly out, F8 (Line Drive, 78D, EV 89.4 MPH)
Batting: LHB Jim Unknown 0-0: Called Strike
0-1: Swinging Strike
0-2: Foul Ball, location: 25F
0-2: Foul Ball, location: 2RF
0-2: Ball
1-2: Strikes out swinging
Batting: RHB Ron Cey 0-0: Ball
1-0: Ball
2-0: SINGLE (Line Drive, 4D, EV 108.1 MPH)
Batting: LHB Jim Davis 0-0: Called Strike
0-1: Foul Ball, location: 7LSF
0-2: Ground out 4-3 (Groundball, 4, EV 87.5 MPH)
Bottom of the 4th over - 1 run, 2 hits, 0 errors, 1 left on base; Charleston 1 - Terry's 4
TOP OF THE 5TH
Charleston Chew batting - Pitching for Terry's Bats : LHP Britt Albert
Batting: RHB Ernest Ramsey 0-0: Called Strike
0-1: Ball
1-1: Swinging Strike
1-2: Foul Ball, location: 25F
1-2: Foul Ball, location: 9LDF
1-2: Ground out 5-3 (Groundball, 56S, EV 91.9 MPH)
Batting: RHB Jim Unknown 0-0: Foul Ball, location: 3F
0-1: Ball
1-1: Swinging Strike
1-2: Ball
2-2: Ball
3-2: Strikes out swinging
Batting: RHB Jim Unknown 0-0: Ball
1-0: Called Strike
1-1: Ground out 4-3 (Groundball, 4, EV 103.1 MPH)
Top of the 5th over - 0 runs, 0 hits, 0 errors, 0 left on base; Charleston 1 - Terry's 4
BOTTOM OF THE 5TH
Terry's Bats batting - Pitching for Charleston Chew : RHP Eric Landry
Batting: RHB Rich Severson 0-0: Foul Ball, location: 2F
0-1: SINGLE (Line Drive, 6M, EV 108.8 MPH)
Batting: LHB Sancho Deleón 0-0: Ball
1-0: Ball
2-0: Ball
3-0: Called Strike
3-1: Base on Balls
Rich Severson to second
Batting: RHB William Williams 0-0: Ball
1-0: Ball
2-0: Called Strike
2-1: Swinging Strike
2-2: Strikes out looking
Batting: LHB Sabeeh Abdul-Nasir 0-0: Called Strike
0-1: Foul Ball, location: 2LF
0-2: Foul Ball, location: 7LMF
0-2: Ball
1-2: SINGLE (Line Drive, 5D, EV 96.9 MPH)
Rich Severson to third
Sancho Deleón to second
Batting: LHB Dave Wilson 0-0: Ball
1-0: Ball
2-0: Called Strike
2-1: Swinging Strike
2-2: Strikes out swinging
Batting: SHB Darrel Chaney 0-0: Ball
1-0: Called Strike
1-1: Ball
2-1: DOUBLE (Line Drive, 9LD, EV 101.9 MPH)
Rich Severson scores
Sancho Deleón scores
Sabeeh Abdul-Nasir to third
Pitching: RHP Mike Torrez
Batting: LHB Jim Unknown 0-0: Ball
1-0: Foul Ball, location: 5F
1-1: Foul Ball, location: 23FF
1-2: Ground out 4-3 (Groundball, 4M, EV 106.9 MPH)
Bottom of the 5th over - 2 runs, 3 hits, 0 errors, 2 left on base; Charleston 1 - Terry's 6
TOP OF THE 6TH
Charleston Chew batting - Pitching for Terry's Bats : LHP Britt Albert
Batting: RHB Jerry Moore 0-0: Called Strike
0-1: Fly out, F8 (Flyball, 8RM, EV 90.6 MPH)
Batting: RHB Nate Kaufman 0-0: Swinging Strike
0-1: Called Strike
0-2: Strikes out swinging
Batting: RHB Archie Beck 0-0: Called Strike
0-1: Ball
1-1: Foul Ball, location: 2F
1-2: Fly out, F7 (Flyball, 7, EV 86.3 MPH)
Top of the 6th over - 0 runs, 0 hits, 0 errors, 0 left on base; Charleston 1 - Terry's 6
BOTTOM OF THE 6TH
Terry's Bats batting - Pitching for Charleston Chew : RHP Mike Torrez
Batting: RHB Ron Cey 0-0: Ground out 6-3 (Groundball, 6MD, EV 96.3 MPH)
Batting: LHB Jim Davis 0-0: Called Strike
0-1: Called Strike
0-2: Ball
1-2: SINGLE (Groundball, 4MS, EV 73.1 MPH) (infield hit)
Batting: RHB Rich Severson 0-0: Ball
1-0: Ball
2-0: Swinging Strike
2-1: Called Strike
Jim Davis steals 2nd base
2-2: Foul Ball, location: 9LMF
2-2: Ball
3-2: Base on Balls
Batting: LHB Sancho Deleón 0-0: Ball
1-0: Ball
2-0: Foul Ball, location: 2F
2-1: Foul Ball, location: 2F
2-2: Ball
3-2: SINGLE (Line Drive, 9S, EV 107.5 MPH)
Jim Davis to third
Rich Severson to second
Batting: RHB William Williams 0-0: GRAND SLAM HOME RUN (Flyball, 9LD, EV 93.8 MPH), Distance : 343 ft
Pitching: RHP Marcel Lachemann
Batting: LHB Sabeeh Abdul-Nasir 0-0: Called Strike
0-1: Ball
1-1: Ball
2-1: Ground out 4-3 (Groundball, 4, EV 105.6 MPH)
Batting: LHB Dave Wilson 0-0: Foul Ball, location: 9LMF
0-1: Ball
1-1: Foul Ball, location: 2F
1-2: Ground out 1-3 (Groundball, 15S, EV 71.9 MPH)
Bottom of the 6th over - 4 runs, 3 hits, 0 errors, 0 left on base; Charleston 1 - Terry's 10
TOP OF THE 7TH
Charleston Chew batting - Pitching for Terry's Bats : LHP Britt Albert
Batting: LHB Javier Gómez 0-0: Called Strike
0-1: Ball
1-1: Ball
2-1: Ball
3-1: Swinging Strike
3-2: Foul Ball, location: 5F
3-2: Strikes out looking
Pinch Hitting: RHB Keizo Ando 0-0: Called Strike
0-1: Ball
1-1: Swinging Strike
1-2: Foul Ball, location: 5FF
1-2: Ball
2-2: Strikes out swinging
Batting: LHB Carl Yastrzemski 0-0: Called Strike
0-1: Ball
1-1: SINGLE (Line Drive, 7S, EV 95.6 MPH)
Batting: RHB Ernest Ramsey 0-0: Ball
1-0: Ball
2-0: Called Strike
2-1: Fly out, F9 (Flyball, 9D, EV 101.9 MPH)
Top of the 7th over - 0 runs, 1 hit, 0 errors, 1 left on base; Charleston 1 - Terry's 10
BOTTOM OF THE 7TH
Terry's Bats batting - Pitching for Charleston Chew : RHP Marcel Lachemann
Now in CF: Keizo Ando
Now in RF: Carl Yastrzemski
Batting: SHB Darrel Chaney 0-0: Swinging Strike
0-1: Ball
1-1: Called Strike
1-2: Strikes out looking
Batting: LHB Jim Unknown 0-0: Ball
1-0: Called Strike
1-1: Ball
2-1: Ball
3-1: Ground out 6-3 (Groundball, 6, EV 78.8 MPH)
Batting: RHB Ron Cey 0-0: Ball
1-0: Ball
2-0: Ball
3-0: Base on Balls
Batting: LHB Jim Davis 0-0: Hit by Pitch
Ron Cey to second
Batting: RHB Rich Severson 0-0: Ball
1-0: Called Strike
1-1: Foul Ball, location: 2F
1-2: Ball
2-2: Foul Ball, location: 3F
2-2: Ball
3-2: Foul Ball, location: 2F
3-2: DOUBLE (Flyball, 89D, EV 106.9 MPH)
Ron Cey scores
Jim Davis to third
Jim Davis scores
Batting: LHB Sancho Deleón 0-0: Foul Ball, location: 23FF
0-1: Ball
1-1: Ball
2-1: SINGLE (Line Drive, 8RS, EV 86.9 MPH)
Rich Severson to third
Runner from 3rd tries for Home, SAFE, throw by CF to home
Batting: RHB William Williams 0-0: Called Strike
0-1: Swinging Strike
0-2: Ball
1-2: Foul Ball, location: 2F
1-2: Ball
2-2: Foul Ball, location: 5DF
2-2: Ball
3-2: Fly out, F4 (Popup, 4M, EV 61.3 MPH)
Bottom of the 7th over - 3 runs, 2 hits, 0 errors, 1 left on base; Charleston 1 - Terry's 13
TOP OF THE 8TH
Charleston Chew batting - Pitching for Terry's Bats : LHP Britt Albert
Batting: RHB Jim Unknown 0-0: Fly out, F9 (Flyball, 9D, EV 104.4 MPH)
Batting: RHB Jim Unknown 0-0: Ball
1-0: Ball
2-0: Called Strike
2-1: Called Strike
2-2: Strikes out looking
Batting: RHB Jerry Moore 0-0: Foul Ball, location: 9LSF
0-1: Foul Ball, location: 25F
0-2: SINGLE (Groundball, 34D, EV 103.8 MPH)
Batting: RHB Nate Kaufman 0-0: Ball
1-0: Called Strike
1-1: Called Strike
1-2: 2-RUN HOME RUN (Flyball, 7D, EV 95.0 MPH), Distance : 368 ft
Batting: RHB Archie Beck 0-0: Called Strike
0-1: Ball
1-1: Foul Ball, location: 2F
1-2: Ball
2-2: Ball
3-2: SINGLE (Line Drive, 8LS, EV 95.0 MPH)
Batting: LHB Javier Gómez 0-0: Called Strike
0-1: DOUBLE (Groundball, 3D, EV 103.1 MPH)
Archie Beck to third
Runner from 3rd tries for Home, SAFE, throw by RF to home
Pinch Runner at 2nd Eric Alexander:
Batting: RHB Keizo Ando 0-0: Called Strike
0-1: Called Strike
0-2: DOUBLE (Flyball, 89D, EV 96.9 MPH)
Eric Alexander scores
Batting: LHB Carl Yastrzemski 0-0: Ball
1-0: Ball
2-0: Swinging Strike
2-1: Ball
3-1: Base on Balls
Batting: RHB Ernest Ramsey 0-0: Ground out 5-3 (Groundball, 56S, EV 74.4 MPH)
Top of the 8th over - 4 runs, 5 hits, 0 errors, 2 left on base; Charleston 5 - Terry's 13
BOTTOM OF THE 8TH
Terry's Bats batting - Pitching for Charleston Chew : RHP Marcel Lachemann
Now in LF: Eric Alexander
Batting: LHB Sabeeh Abdul-Nasir 0-0: Called Strike
0-1: Ball
1-1: Called Strike
1-2: SOLO HOME RUN (Flyball, 9LD, EV 92.5 MPH), Distance : 324 ft
Batting: LHB Dave Wilson 0-0: Ball
1-0: Ground out U3 (Groundball, 3S, EV 65.6 MPH)
Pitching: RHP Dave Wilson
Batting: SHB Darrel Chaney 0-0: Ball
1-0: Foul Ball, location: 25F
1-1: Ball
2-1: Fly out, F9 (Flyball, 89S, EV 85.6 MPH)
Batting: LHB Jim Unknown 0-0: Ball
1-0: Swinging Strike
1-1: Ball
2-1: Ball
3-1: Ground out 4-3 (Groundball, 4, EV 83.8 MPH)
Bottom of the 8th over - 1 run, 1 hit, 0 errors, 0 left on base; Charleston 5 - Terry's 14
TOP OF THE 9TH
Charleston Chew batting - Pitching for Terry's Bats : LHP Britt Albert
Batting: RHB Jim Unknown 0-0: Ball
1-0: Foul Ball, location: 9LMF
1-1: Called Strike
1-2: Ball
2-2: Ball
3-2: Ground out 4-3 (Groundball, 4, EV 85.0 MPH)
Pinch Hitting: LHB Bill Brooks 0-0: Foul Ball, location: 2F
0-1: SINGLE (Groundball, 34D, EV 93.8 MPH)
Batting: RHB Jerry Moore 0-0: Ball
1-0: Called Strike
1-1: Foul Ball, location: 2F
1-2: Ball
2-2: SINGLE (Line Drive, 8LS, EV 99.4 MPH)
Bill Brooks to second
Batting: RHB Nate Kaufman 0-0: Ball
1-0: Ball
2-0: SINGLE (Flyball, 7LS, EV 95.0 MPH)
Bill Brooks to third
Jerry Moore to second
Pitching: RHP Bill Williams
Batting: RHB Archie Beck 0-0: Foul Ball, location: 23FF
0-1: Single, Error in OF, E8, batter to second base (Line Drive, 89M, EV 86.3 MPH)
Bill Brooks scores
Jerry Moore scores
Nate Kaufman to third
Batting: LHB Eric Alexander 0-0: Ball
1-0: SINGLE (Line Drive, 89M, EV 93.8 MPH)
Nate Kaufman scores
Archie Beck to third
Pinch Hitting: LHB Seinosuke Nagata 0-0: Ball
1-0: Foul Ball, location: 2F
1-1: Ball
2-1: Ball
3-1: Base on Balls
Eric Alexander to second
Batting: LHB Carl Yastrzemski 0-0: Called Strike
0-1: Ball
1-1: Ball
2-1: Swinging Strike
2-2: Ball
3-2: Base on Balls
Archie Beck scores
Eric Alexander to third
Seinosuke Nagata to second
Batting: RHB Ernest Ramsey 0-0: Called Strike
0-1: Foul Ball, location: 5F
0-2: Ball
1-2: Grounds into fielders choice 3-2 (Groundball, 34, EV 84.4 MPH)
Seinosuke Nagata to third
Carl Yastrzemski to second
Pinch Hitting: LHB Steve Hovley 0-0: Ball
1-0: SINGLE (Line Drive, 8RS, EV 103.8 MPH)
Seinosuke Nagata scores
Carl Yastrzemski to third
Ernest Ramsey to second
Pitching: LHP Joe James
Batting: LHB Bill Brooks 0-0: Called Strike
0-1: Ball
1-1: Fielders Choice at 2nd, 6-4 (Groundball, 6, EV 83.1 MPH)
Top of the 9th over - 5 runs, 6 hits, 1 error, 3 left on base; Charleston 10 - Terry's 14
Wednesday, February 28th , 2024 - OOTP Baseball 24.8 Build 75